AoeStats
← Chelita Helada

Black Forest

504631795Analyzed
4v4 RM · 25d ago on Sep 6, 2026· 41m 41s· 8 players
Game mode
Random Map
Map size
Large (8 player)
Population
200
Speed
Normal
Resources
Standard
Victory
Conquest
Starting age
Dark Age
Ending age
Imperial Age
RankedLock teamsTeams togetherTeam positionsShared explorationLock speedFull tech treeHidden civsTurbo modeCheats
Victory
Defeat
🇱🇧 Bohemians · Lebanon
1116
+14
🇺🇸 Mongols · United States
1075
+16
🇬🇧 Goths · United Kingdom
1032
+17
🇳🇿 Khmer · New Zealand
1015
+18
🇨🇱 Slavs · Chile
1194
-21
🇲🇽 Aztecs · Mexico
1087
-17
🇨🇱 Tupi · Chile
1075
-17
🇨🇱 Britons · Chile
898
-10
SebastianxAndrew
0:33 Loom
13:51 Feudal Age
14:54 Double-Bit Axe
15:25 Horse Collar
18:22 Castle Age
22:39 Wheelbarrow
34:06 Hand Cart
33:37 Town Watch
33:59 Detinets
34:36 Gold Mining
34:39 Stone Mining
34:52 Heavy Plow
34:49 Man-at-Arms
35:31 Squires
34:51 Pikeman
39:11 Imperial Age
37:03 Long Swordsman
38:33 Forging
38:23 Scale Mail Armor
39:07 Bloodlines
38:58 Husbandry
40:41 Iron Casting
40:21 Chain Mail Armor
40:24 Murder Holes
40:53 Ballistics
Soldado Ramirez
9:09 Loom
10:58 Feudal Age
15:14 Castle Age
13:47 Double-Bit Axe
14:40 Horse Collar
14:58 Stone Mining
15:11 Loom
16:04 Wheelbarrow
15:15 Town Watch
17:07 Bow Saw
19:58 Hand Cart
21:41 Heavy Plow
26:39 Gold Mining
31:28 Imperial Age
30:24 Gold Shaft Mining
29:46 Fletching
29:41 Treadmill Crane
30:26 Arson
30:41 Squires
30:06 Pikeman
30:06 Champi Runner
30:45 Murder Holes
31:11 Ballistics
31:18 Champi Warrior
31:49 Elite Blackwood Archer
32:57 Curare
33:56 Conscription
33:50 Caciques
34:50 Hoardings
35:26 Two-Man Saw
34:28 Elite Champi Warrior
34:29 Halberdier
35:38 Caravan
35:30 Elite Ibirapema Warrior
36:07 Capped Ram
37:59 Chemistry
37:42 Forging
37:33 Scale Mail Armor
40:37 Bodkin Arrow
40:47 Padded Archer Armor
41:10 Chain Mail Armor
41:34 Iron Casting
Chelita Helada
0:33 Loom
11:28 Feudal Age
19:09 Castle Age
18:28 Double-Bit Axe
18:25 Horse Collar
18:42 Gold Mining
20:52 Gold Shaft Mining
20:52 Bow Saw
20:44 Heavy Plow
22:11 Fletching
22:24 Padded Archer Armor
22:49 Bodkin Arrow
34:09 Crossbowman
34:11 Elite Skirmisher
40:50 Imperial Age
38:57 Wheelbarrow
41:14 Leather Archer Armor
kiubi23cch
9:18 Feudal Age
17:01 Castle Age
14:57 Horse Collar
16:06 Double-Bit Axe
18:09 Bow Saw
19:05 Gold Mining
20:28 Wheelbarrow
19:41 Loom
31:04 Imperial Age
motivationman23
1:05 Loom
10:43 Feudal Age
11:13 Double-Bit Axe
14:30 Wheelbarrow
21:08 Castle Age
20:01 Stone Mining
19:56 Horse Collar
20:21 Town Watch
22:24 Gold Mining
23:24 Bow Saw
26:06 Heavy Plow
32:09 Hand Cart
37:24 Imperial Age
35:01 Scale Barding Armor
35:06 Forging
36:29 Gold Shaft Mining
36:32 Fortified Wall
36:34 Masonry
36:20 Murder Holes
36:24 Light Cavalry
37:14 Bloodlines
37:05 Husbandry
37:31 Hussar
39:37 Chemistry
38:44 Siege Engineers
38:42 Onager
41:38 Chain Barding Armor
KOMR4D ☭
0:36 Loom
11:25 Feudal Age
15:28 Castle Age
14:15 Double-Bit Axe
14:35 Horse Collar
17:15 Bow Saw
20:19 Town Watch
22:28 Wheelbarrow
22:50 Heavy Plow
27:42 Town Patrol
28:15 Hand Cart
31:11 Imperial Age
30:59 Chemistry
30:12 Fortified Wall
32:53 Arson
33:08 Squires
32:28 Pikeman
33:32 Wagenburg Tactics
33:35 Hussite Reforms
35:02 Houfnice
35:32 Halberdier
36:26 Forging
36:16 Scale Mail Armor
36:40 Ballistics
36:27 Siege Engineers
36:46 Ballistics
37:05 Caravan
38:36 Chain Mail Armor
38:56 Iron Casting
Garys left foot
11:10 Feudal Age
9:28 Loom
11:14 Feudal Age
12:29 Double-Bit Axe
17:42 Castle Age
22:10 Bow Saw
23:39 Horse Collar
27:14 Wheelbarrow
30:36 Imperial Age
27:58 Gold Mining
27:59 Stone Mining
29:17 Hand Cart
28:49 Town Watch
30:29 Town Patrol
32:00 Scale Barding Armor
32:05 Forging
33:04 Chain Barding Armor
34:14 Heavy Plow
34:51 Gold Shaft Mining
34:51 Stone Shaft Mining
33:45 Capped Ram
35:20 Siege Ram
35:31 Elite Battle Elephant
36:22 Bloodlines
36:13 Husbandry
36:35 Chain Barding Armor
36:26 Forging
37:59 Plate Barding Armor
38:00 Iron Casting
37:48 Heavy Scorpion
40:39 Blast Furnace
40:28 Sanctity
40:20 Fervor
40:33 Sanctity
Zeus Kakarot
11:45 Feudal Age
12:54 Loom
13:08 Double-Bit Axe
13:05 Horse Collar
18:35 Castle Age
16:48 Fishing Lines
21:13 Bow Saw
27:07 Wheelbarrow
26:18 Town Watch
28:50 Hand Cart
29:34 Heavy Plow
31:40 Gillnets
35:24 Imperial Age
33:13 Anarchy
33:37 Scale Mail Armor
33:43 Scale Barding Armor
34:03 Ballistics
33:48 Pikeman
34:29 Squires
35:00 Chain Mail Armor
34:55 Forging
34:37 Fletching
35:22 Caravan
36:31 Elite Huskarl
39:19 Coinage
39:09 Guilds
39:32 Man-at-Arms
41:03 Iron Casting
40:11 Long Swordsman
40:55 Two-Handed Swordsman
Connection lost

Rejoining the realm…

Still unreachable

The connection could not be restored.

Session expired

The server has moved on; the page needs a fresh start.